HSSL
JEFFERSONVILLE-YOUNGSVILLE CENTRAL HS TROJANS @ BISHOP GORMAN HS BALBASAURS
05/10/2030
 
TOP OF THE 1ST
Jeffersonville-Youngsville Central HS Trojans batting - Pitching for Bishop Gorman HS Balbasaurs : RHP Vaughan Sellers
Pitching: RHP Vaughan Sellers
Batting: LHB Tony Chávez 0-0: Foul Ball, location: 2F
0-1: Ball
1-1: Swinging Strike
1-2: Ball
2-2: Foul Ball, location: 2F
2-2: Strikes out swinging, 2-3 out at first.
Batting: RHB Bob Perkins 0-0: Foul Ball, location: 2F
0-1: Ball
1-1: Ball
2-1: Ball
3-1: Foul Ball, location: 2F
3-2: Base on Balls
Batting: RHB Glenn Brooks 0-0: Called Strike
0-1: 2-RUN HOME RUN (Flyball, 9LD), Distance : 346 ft
Batting: LHB Steve Parker 0-0: Ball
1-0: Ball
2-0: Foul Ball, location: 2F
2-1: Foul Ball, location: 2F
2-2: Ball
3-2: SINGLE (Flyball, 9S)
Batting: RHB Murray Jackson 0-0: Ball
1-0: Called Strike
1-1: Ball
2-1: Called Strike
2-2: Foul Ball, location: 2F
2-2: DOUBLE (Line Drive, 5D)
Steve Parker to third
Batting: LHB Ed Williams 0-0: Called Strike
0-1: Ball
1-1: Ball
Wild Pitch!
Steve Parker scores
Murray Jackson to third
2-1: Ball
3-1: Base on Balls
Batting: RHB Jeff Valentine 0-0: Ball
1-0: Called Strike
1-1: SINGLE (Line Drive, 4M)
Murray Jackson scores
Ed Williams to second
Batting: RHB Myron Preston 0-0: Called Strike
0-1: Ball
1-1: Swinging Strike
1-2: Ball
2-2: Ball
3-2: SINGLE (Groundball, 4MD)
Ed Williams to third
Jeff Valentine to second
Batting: RHB Álex Meléndez 0-0: Called Strike
0-1: Ball
1-1: Ball
2-1: Foul Ball, location: 2F
2-2: Ball
3-2: Foul Ball, location: 2F
3-2: Fly out, F9 (Flyball, 9S)
Batting: LHB Tony Chávez 0-0: Called Strike
0-1: Foul Ball, location: 2F
0-2: Reaches on Catchers interference
Ed Williams scores
Jeff Valentine to third
Myron Preston to second
Batting: RHB Bob Perkins 0-0: Swinging Strike
0-1: Ball
1-1: Foul Ball, location: 2F
1-2: Ball
2-2: Foul Ball, location: 2F
2-2: Ball
3-2: Foul Ball, location: 2F
3-2: Base on Balls
Jeff Valentine scores
Myron Preston to third
Tony Chávez to second
Batting: RHB Glenn Brooks 0-0: Called Strike
0-1: Called Strike
0-2: Ball
1-2: Ball
2-2: DOUBLE (Flyball, 7D)
Myron Preston scores
Tony Chávez scores
Bob Perkins to third
Pitching: RHP Mike Peters
Batting: LHB Steve Parker 0-0: Ball
1-0: Called Strike
1-1: Swinging Strike
1-2: Ball
2-2: Strikes out swinging
Top of the 1st over - 8 runs, 6 hits, 1 error, 2 left on base; Jeffersonville-Youngsville Central HS 8 - Bishop Gorman HS 0
BOTTOM OF THE 1ST
Bishop Gorman HS Balbasaurs batting - Pitching for Jeffersonville-Youngsville Central HS Trojans : RHP Colton Sewell
Pitching: RHP Colton Sewell
Batting: RHB Lynwood Bryant 0-0: Ball
1-0: Called Strike
1-1: Ball
2-1: Ball
3-1: Fly out, F8 (Flyball, 8RM)
Batting: RHB River Oliver 0-0: Ball
1-0: Fly out, F8 (Flyball, 8LD)
Batting: RHB Valentín Martínez 0-0: Ball
1-0: Fly out, F9 (Flyball, 9)
Bottom of the 1st over - 0 runs, 0 hits, 0 errors, 0 left on base; Jeffersonville-Youngsville Central HS 8 - Bishop Gorman HS 0
TOP OF THE 2ND
Jeffersonville-Youngsville Central HS Trojans batting - Pitching for Bishop Gorman HS Balbasaurs : RHP Mike Peters
Batting: RHB Murray Jackson 0-0: Ball
1-0: Ball
2-0: SINGLE (Line Drive, 8RS)
Batting: LHB Ed Williams 0-0: Called Strike
0-1: Swinging Strike
0-2: Foul Ball, location: 2F
0-2: Ball
1-2: Ball
2-2: Foul Ball, location: 2F
2-2: Ball
3-2: SINGLE (Groundball, 34S) (infield hit)
Murray Jackson to second
Batting: RHB Jeff Valentine 0-0: Foul Ball, location: 2F
0-1: Ball
1-1: Ball
2-1: Foul Ball, location: 2F
2-2: Foul Ball, location: 2F
2-2: 3-RUN HOME RUN (Flyball, 9LD), Distance : 356 ft
Batting: RHB Myron Preston 0-0: Called Strike
0-1: Swinging Strike
0-2: SOLO HOME RUN (Flyball, 7LD), Distance : 342 ft
Pitching: RHP António Santiago
Batting: RHB Álex Meléndez 0-0: Foul Ball, location: 2F
0-1: SINGLE (Groundball, 56D)
Batting: LHB Tony Chávez 0-0: Fly out, F9 (Flyball, 89D)
Batting: RHB Bob Perkins 0-0: Called Strike
0-1: Ball
Wild Pitch!
Álex Meléndez to second
1-1: Ground out 6-3 (Groundball, 6)
Batting: RHB Glenn Brooks 0-0: Called Strike
0-1: Foul Ball, location: 2F
0-2: Foul Ball, location: 2F
0-2: Foul Ball, location: 2F
0-2: Foul Ball, location: 2F
0-2: SINGLE (Groundball, 56D)
Álex Meléndez to third
Throwing error, E7
Álex Meléndez scores
Glenn Brooks to second
Batting: LHB Steve Parker 0-0: Ball
1-0: Foul Ball, location: 2F
1-1: Ball
2-1: Foul Ball, location: 2F
2-2: SINGLE (Groundball, 34D)
Glenn Brooks to third
Runner from 3rd tries for Home, SAFE, no throw
Batting: RHB Murray Jackson 0-0: Ball
1-0: Called Strike
1-1: Ball
2-1: Swinging Strike
2-2: Foul Ball, location: 2F
2-2: Ball
3-2: Base on Balls
Steve Parker to second
Batting: LHB Ed Williams 0-0: Foul Ball, location: 2F
0-1: Ground out 4-3 (Groundball, 4)
Top of the 2nd over - 6 runs, 7 hits, 1 error, 2 left on base; Jeffersonville-Youngsville Central HS 14 - Bishop Gorman HS 0
BOTTOM OF THE 2ND
Bishop Gorman HS Balbasaurs batting - Pitching for Jeffersonville-Youngsville Central HS Trojans : RHP Colton Sewell
Batting: LHB Daniel Smith 0-0: Ball
1-0: Ball
2-0: Called Strike
2-1: Foul Ball, location: 2F
2-2: Strikes out swinging
Batting: SHB Cisco Moreno 0-0: Swinging Strike
0-1: Called Strike
0-2: Ball
1-2: Foul Ball, location: 2F
1-2: Strikes out looking
Batting: RHB Alan Stephens 0-0: Called Strike
0-1: Ball
1-1: Ball
2-1: Foul Ball, location: 2F
2-2: SINGLE (Line Drive, 6M)
Batting: RHB William Young 0-0: Called Strike
0-1: Ball
1-1: Ball
2-1: Ball
3-1: Foul Ball, location: 2F
3-2: Strikes out swinging
Bottom of the 2nd over - 0 runs, 1 hit, 0 errors, 1 left on base; Jeffersonville-Youngsville Central HS 14 - Bishop Gorman HS 0
TOP OF THE 3RD
Jeffersonville-Youngsville Central HS Trojans batting - Pitching for Bishop Gorman HS Balbasaurs : RHP António Santiago
Batting: RHB Jeff Valentine 0-0: Ball
1-0: Ball
2-0: Ball
3-0: Called Strike
3-1: Called Strike
3-2: Base on Balls
Batting: RHB Myron Preston 0-0: Called Strike
0-1: Foul Ball, location: 2F
0-2: Foul Ball, location: 2F
0-2: 2-RUN HOME RUN (Flyball, 78XD), Distance : 395 ft
Pitching: RHP Max Marsh
Batting: RHB Álex Meléndez 0-0: Ball
1-0: Called Strike
1-1: Called Strike
1-2: Ground out 4-3 (Groundball, 4)
Batting: LHB Tony Chávez 0-0: Ball
1-0: Ball
2-0: Swinging Strike
2-1: Foul Ball, location: 2F
2-2: Foul Ball, location: 2F
2-2: Ball
3-2: Base on Balls
Batting: RHB Bob Perkins 0-0: Ball
1-0: Called Strike
1-1: Ball
2-1: Ball
3-1: Called Strike
3-2: Strikes out looking
Batting: RHB Glenn Brooks 0-0: Called Strike
0-1: Called Strike
0-2: Strikes out swinging
Top of the 3rd over - 2 runs, 1 hit, 0 errors, 1 left on base; Jeffersonville-Youngsville Central HS 16 - Bishop Gorman HS 0
BOTTOM OF THE 3RD
Bishop Gorman HS Balbasaurs batting - Pitching for Jeffersonville-Youngsville Central HS Trojans : RHP Colton Sewell
Batting: LHB Robert Reeves Jr. 0-0: Ball
1-0: Ball
2-0: Ball
3-0: Called Strike
3-1: Base on Balls
Batting: LHB Michel Gélinas 0-0: Called Strike
0-1: Ball
1-1: Swinging Strike
1-2: Foul Ball, location: 2F
1-2: Ball
2-2: Foul Ball, location: 2F
2-2: Ball
3-2: Base on Balls
Robert Reeves Jr. to second
Batting: RHB Lynwood Bryant 0-0: Foul Ball, location: 2F
0-1: SINGLE (Line Drive, 9LS)
Robert Reeves Jr. to third
Michel Gélinas to second
Batting: RHB River Oliver 0-0: Ball
1-0: Fielders Choice at 2nd, 6-4 (Groundball, 6M)
Robert Reeves Jr. scores
Michel Gélinas to third
Batting: RHB Valentín Martínez 0-0: Called Strike
River Oliver steals 2nd base
0-1: Foul Ball, location: 2F
0-2: Ball
1-2: Foul Ball, location: 2F
1-2: Ground out 5-3 (Groundball, 56)
Michel Gélinas scores
Batting: LHB Daniel Smith 0-0: Called Strike
0-1: Called Strike
0-2: Strikes out looking
Bottom of the 3rd over - 2 runs, 1 hit, 0 errors, 1 left on base; Jeffersonville-Youngsville Central HS 16 - Bishop Gorman HS 2
TOP OF THE 4TH
Jeffersonville-Youngsville Central HS Trojans batting - Pitching for Bishop Gorman HS Balbasaurs : RHP Max Marsh
Batting: LHB Steve Parker 0-0: Ball
1-0: Foul Ball, location: 2F
1-1: Foul Ball, location: 2F
1-2: Ball
2-2: Foul Ball, location: 2F
2-2: SINGLE (Groundball, 56D)
Batting: RHB Murray Jackson 0-0: Foul Ball, location: 2F
0-1: Ball
1-1: Swinging Strike
1-2: Hit by Pitch
Steve Parker to second
Batting: LHB Ed Williams 0-0: Ball
1-0: Ball
2-0: Foul Ball, location: 2F
2-1: Foul Ball, location: 2F
2-2: SINGLE (Line Drive, 9S)
Steve Parker to third
Murray Jackson to second
Batting: RHB Jeff Valentine 0-0: Called Strike
0-1: Ball
1-1: SINGLE (Line Drive, 6M)
Steve Parker scores
Murray Jackson to third
Ed Williams to second
Batting: RHB Myron Preston 0-0: Called Strike
0-1: Ball
1-1: Ball
2-1: Ball
3-1: Foul Ball, location: 2F
3-2: Base on Balls
Murray Jackson scores
Ed Williams to third
Jeff Valentine to second
Pitching: RHP Jeff Martin
Batting: RHB Álex Meléndez 0-0: Called Strike
0-1: Ball
1-1: Foul Ball, location: 2F
1-2: Strikes out swinging
Batting: LHB Tony Chávez 0-0: Called Strike
0-1: Called Strike
0-2: Foul Ball, location: 2F
0-2: Strikes out looking
Batting: RHB Bob Perkins 0-0: Called Strike
0-1: Called Strike
0-2: Fly out, F7 (Flyball, 7)
Top of the 4th over - 2 runs, 3 hits, 0 errors, 3 left on base; Jeffersonville-Youngsville Central HS 18 - Bishop Gorman HS 2
BOTTOM OF THE 4TH
Bishop Gorman HS Balbasaurs batting - Pitching for Jeffersonville-Youngsville Central HS Trojans : RHP Colton Sewell
Batting: SHB Cisco Moreno 0-0: Called Strike
0-1: Foul Ball, location: 2F
0-2: Strikes out swinging
Batting: RHB Alan Stephens 0-0: Called Strike
0-1: Ball
1-1: Ball
2-1: Ball
3-1: Base on Balls
Batting: RHB William Young 0-0: Called Strike
0-1: Ball
1-1: Swinging Strike
1-2: Ball
2-2: Strikes out swinging
Batting: LHB Robert Reeves Jr. 0-0: Fly out, F7 (Line Drive, 7S)
Bottom of the 4th over - 0 runs, 0 hits, 0 errors, 1 left on base; Jeffersonville-Youngsville Central HS 18 - Bishop Gorman HS 2
TOP OF THE 5TH
Jeffersonville-Youngsville Central HS Trojans batting - Pitching for Bishop Gorman HS Balbasaurs : RHP Jeff Martin
Batting: RHB Glenn Brooks 0-0: Called Strike
0-1: Ball
1-1: Ball
2-1: Called Strike
2-2: Strikes out swinging
Batting: LHB Steve Parker 0-0: Called Strike
0-1: Foul Ball, location: 2F
0-2: Foul Ball, location: 2F
0-2: Ground out U3 (Groundball, 3L)
Batting: RHB Murray Jackson 0-0: Called Strike
0-1: Ball
1-1: Swinging Strike
1-2: Foul Ball, location: 2F
1-2: Ball
2-2: Ball
3-2: Ground out 6-3 (Groundball, 6)
Top of the 5th over - 0 runs, 0 hits, 0 errors, 0 left on base; Jeffersonville-Youngsville Central HS 18 - Bishop Gorman HS 2
BOTTOM OF THE 5TH
Bishop Gorman HS Balbasaurs batting - Pitching for Jeffersonville-Youngsville Central HS Trojans : RHP Colton Sewell
Batting: LHB Michel Gélinas 0-0: Ball
1-0: Called Strike
1-1: Ball
2-1: SINGLE (Line Drive, 34D)
Batting: RHB Lynwood Bryant 0-0: Fly out, F9 (Line Drive, 9)
Batting: RHB River Oliver 0-0: Called Strike
0-1: Ground out U3 (Groundball, 34S)
Michel Gélinas to second
Batting: RHB Valentín Martínez 0-0: Called Strike
0-1: SINGLE (Flyball, 7LS)
Michel Gélinas to third
Runner from 3rd tries for Home, SAFE, no throw
Batting: LHB Daniel Smith 0-0: SINGLE (Groundball, 56D)
Valentín Martínez to second
Batting: SHB Cisco Moreno 0-0: Ball
1-0: Foul Ball, location: 2F
1-1: Ball
2-1: Foul Ball, location: 2F
2-2: Ball
3-2: Fly out, F2 (Popup, 2RF)
Bottom of the 5th over - 1 run, 3 hits, 0 errors, 2 left on base; Jeffersonville-Youngsville Central HS 18 - Bishop Gorman HS 3
TOP OF THE 6TH
Jeffersonville-Youngsville Central HS Trojans batting - Pitching for Bishop Gorman HS Balbasaurs : RHP Jeff Martin
Batting: LHB Ed Williams 0-0: Ball
1-0: Foul Ball, location: 2F
1-1: SINGLE (Groundball, 4D)
Batting: RHB Jeff Valentine 0-0: Ball
1-0: Called Strike
1-1: Ball
2-1: Foul Ball, location: 2F
2-2: Foul Ball, location: 2F
2-2: Fly out, F8 (Line Drive, 89D)
Batting: RHB Myron Preston 0-0: Ball
1-0: Ball
2-0: Ball
3-0: Called Strike
3-1: Called Strike
3-2: Base on Balls
Ed Williams to second
Batting: RHB Álex Meléndez 0-0: Ball
1-0: Foul Ball, location: 2F
1-1: Ball
2-1: Fly out, F8 (Flyball, 8RD)
Runner from 2nd tags up, SAFE at 3rd with throw
Batting: LHB Tony Chávez 0-0: Fly out, F7 (Flyball, 7S)
Top of the 6th over - 0 runs, 1 hit, 0 errors, 2 left on base; Jeffersonville-Youngsville Central HS 18 - Bishop Gorman HS 3
BOTTOM OF THE 6TH
Bishop Gorman HS Balbasaurs batting - Pitching for Jeffersonville-Youngsville Central HS Trojans : RHP Colton Sewell
Pitching: RHP Claudio López
Batting: RHB Alan Stephens 0-0: Called Strike
0-1: Foul Ball, location: 2F
0-2: Ball
1-2: Foul Ball, location: 2F
1-2: Ball
2-2: Fly out, F7 (Flyball, 78S)
Batting: RHB William Young 0-0: Called Strike
0-1: Ball
1-1: Called Strike
1-2: Foul Ball, location: 2F
1-2: Ball
2-2: Foul Ball, location: 2F
2-2: Foul Ball, location: 2F
2-2: Ball
3-2: Base on Balls
Batting: LHB Robert Reeves Jr. 0-0: Called Strike
0-1: DOUBLE (Groundball, 3D)
William Young to third
Batting: LHB Michel Gélinas 0-0: Called Strike
0-1: Called Strike
0-2: Ball
1-2: Foul Ball, location: 2F
1-2: SINGLE (Groundball, 6MD)
William Young scores
Robert Reeves Jr. to third
Batting: RHB Lynwood Bryant 0-0: Called Strike
0-1: Foul Ball, location: 2F
0-2: Ball
1-2: Fielders Choice at 2nd, 6-4 (Groundball, 6)
Robert Reeves Jr. scores
Batting: RHB River Oliver 0-0: Foul Ball, location: 2F
0-1: Called Strike
0-2: Ball
1-2: Strikes out looking
Bottom of the 6th over - 2 runs, 2 hits, 0 errors, 1 left on base; Jeffersonville-Youngsville Central HS 18 - Bishop Gorman HS 5
TOP OF THE 7TH
Jeffersonville-Youngsville Central HS Trojans batting - Pitching for Bishop Gorman HS Balbasaurs : RHP Jeff Martin
Pitching: RHP Joaquín Ruíz
Batting: RHB Bob Perkins 0-0: Ball
1-0: Swinging Strike
1-1: Ball
2-1: Ball
3-1: Base on Balls
Batting: RHB Glenn Brooks 0-0: Ball
1-0: Ball
2-0: Ball
3-0: Foul Ball, location: 2F
3-1: Base on Balls
Bob Perkins to second
Batting: LHB Steve Parker 0-0: Called Strike
0-1: SINGLE (Groundball, 4M) (infield hit)
Bob Perkins to third
Glenn Brooks to second
Batting: RHB Murray Jackson 0-0: SINGLE (Groundball, 6D)
Bob Perkins scores
Glenn Brooks to third
Steve Parker to second
Runner from 3rd tries for Home, SAFE, no throw
Batting: LHB Ed Williams 0-0: Ball
1-0: SINGLE (Groundball, 6D)
Steve Parker to third
Murray Jackson to second
Batting: RHB Jeff Valentine 0-0: Called Strike
0-1: Grounds into double play, 6-4-3 (Groundball, 6)
Steve Parker scores
Murray Jackson to third
Batting: RHB Myron Preston 0-0: Ball
Wild Pitch!
Murray Jackson scores
1-0: Called Strike
1-1: Swinging Strike
1-2: Ball
2-2: Ball
3-2: Base on Balls
Pitching: RHP Michael Sanford
Batting: RHB Álex Meléndez 0-0: Swinging Strike
0-1: Swinging Strike
0-2: Hit by Pitch
Myron Preston to second
Batting: LHB Tony Chávez 0-0: Called Strike
0-1: Ball
Wild Pitch!
Myron Preston to third
Álex Meléndez to second
Error on foul ball, E3
1-2: Foul Ball, location: 2F
1-2: Ball
2-2: Ball
3-2: Ground out 6-3 (Groundball, 6)
Top of the 7th over - 4 runs, 3 hits, 1 error, 2 left on base; Jeffersonville-Youngsville Central HS 22 - Bishop Gorman HS 5
BOTTOM OF THE 7TH
Bishop Gorman HS Balbasaurs batting - Pitching for Jeffersonville-Youngsville Central HS Trojans : RHP Claudio López
Batting: RHB Valentín Martínez 0-0: Foul Ball, location: 2F
0-1: DOUBLE (Line Drive, 78D)
Batting: LHB Daniel Smith 0-0: Called Strike
0-1: Foul Ball, location: 2F
0-2: Strikes out swinging
Batting: SHB Cisco Moreno 0-0: Called Strike
0-1: Ball
1-1: Ball
2-1: Called Strike
2-2: Foul Ball, location: 2F
2-2: Foul Ball, location: 2F
2-2: Ball
3-2: Foul Ball, location: 2F
3-2: Foul Ball, location: 2F
3-2: Foul Ball, location: 2F
3-2: SINGLE (Groundball, 4M) (infield hit)
Valentín Martínez to third
Pinch Runner at 1st Matt Carpenter:
Batting: RHB Alan Stephens 0-0: Foul Ball, location: 2F
0-1: Foul Ball, location: 2F
0-2: Ball
1-2: Ball
2-2: Strikes out swinging
Batting: RHB William Young 0-0: Ball
1-0: Ball
2-0: Reached on error, E4 (Groundball, 34)
Valentín Martínez scores
Matt Carpenter to second
Batting: LHB Robert Reeves Jr. 0-0: Ball
1-0: Foul Ball, location: 2F
1-1: Ball
2-1: SINGLE (Groundball, 56D)
Matt Carpenter to third
William Young to second
Runner from 3rd tries for Home, SAFE, no throw
Batting: LHB Michel Gélinas 0-0: Foul Ball, location: 2F
0-1: Ball
1-1: Ball
2-1: SINGLE (Line Drive, 9S)
William Young to third
Robert Reeves Jr. to second
Batting: RHB Lynwood Bryant 0-0: Ball
1-0: Ball
2-0: Swinging Strike
2-1: Swinging Strike
2-2: Strikes out swinging
Bottom of the 7th over - 2 runs, 4 hits, 1 error, 3 left on base; Jeffersonville-Youngsville Central HS 22 - Bishop Gorman HS 7
TOP OF THE 8TH
Jeffersonville-Youngsville Central HS Trojans batting - Pitching for Bishop Gorman HS Balbasaurs : RHP Michael Sanford
Now in LF: Matt Carpenter
Batting: RHB Bob Perkins 0-0: Ball
1-0: Ball
2-0: Called Strike
2-1: Ball
3-1: Base on Balls
Batting: RHB Glenn Brooks 0-0: Foul Ball, location: 2F
0-1: Fly out, F6 (Popup, 6D)
Batting: LHB Steve Parker 0-0: Ball
1-0: Ball
2-0: Ball
3-0: Base on Balls
Bob Perkins to second
Batting: RHB Murray Jackson 0-0: Ball
1-0: Foul Ball, location: 2F
1-1: Swinging Strike
1-2: Ball
2-2: Ball
3-2: SINGLE (Flyball, 8RS)
Bob Perkins to third
Steve Parker to second
Runner from 3rd tries for Home, SAFE, no throw
Batting: LHB Ed Williams 0-0: Called Strike
0-1: Ball
1-1: Ball
2-1: Ball
3-1: Foul Ball, location: 2F
3-2: Foul Ball, location: 2F
3-2: Base on Balls
Steve Parker to third
Murray Jackson to second
Batting: RHB Jeff Valentine 0-0: Called Strike
0-1: Called Strike
0-2: Ball
1-2: Ball
2-2: Ball
3-2: Grounds into double play, 6-4-3 (Groundball, 56)
Top of the 8th over - 1 run, 1 hit, 0 errors, 2 left on base; Jeffersonville-Youngsville Central HS 23 - Bishop Gorman HS 7
BOTTOM OF THE 8TH
Bishop Gorman HS Balbasaurs batting - Pitching for Jeffersonville-Youngsville Central HS Trojans : RHP Claudio López
Pitching: LHP Gil LaSalle
Now in RF: Jack Slater
Batting: RHB River Oliver 0-0: Foul Ball, location: 2F
0-1: Swinging Strike
0-2: Ball
1-2: Strikes out swinging
Batting: RHB Valentín Martínez 0-0: Ball
1-0: SOLO HOME RUN (Flyball, 7LD), Distance : 339 ft
Batting: LHB Daniel Smith 0-0: Ball
1-0: Foul Ball, location: 2F
1-1: Ball
2-1: Swinging Strike
2-2: Strikes out swinging
Batting: SHB Matt Carpenter 0-0: Ball
1-0: Ball
2-0: Fly out, F9 (Flyball, 9)
Bottom of the 8th over - 1 run, 1 hit, 0 errors, 0 left on base; Jeffersonville-Youngsville Central HS 23 - Bishop Gorman HS 8
TOP OF THE 9TH
Jeffersonville-Youngsville Central HS Trojans batting - Pitching for Bishop Gorman HS Balbasaurs : RHP Michael Sanford
Pitching: RHP Daniel Higgins
Batting: RHB Myron Preston 0-0: Called Strike
0-1: Ball
1-1: Ball
2-1: Ball
3-1: Foul Ball, location: 2F
3-2: Base on Balls
Batting: RHB Álex Meléndez 0-0: Foul Ball, location: 2F
0-1: Ball
1-1: Ball
Wild Pitch!
Myron Preston to second
2-1: Foul Ball, location: 2F
2-2: SINGLE (Line Drive, 4D)
Myron Preston to third
Batting: LHB Tony Chávez 0-0: Ball
1-0: Ball
2-0: Ball
3-0: Base on Balls
Álex Meléndez to second
Batting: RHB Bob Perkins 0-0: Swinging Strike
0-1: Fly out, F8 (Line Drive, 78M)
Runner from 3rd tags up, SCORES, no throw
Batting: RHB Glenn Brooks 0-0: Ball
1-0: Fly out, F7 (Flyball, 7)
Batting: LHB Steve Parker 0-0: Ball
1-0: Ball
2-0: Foul Ball, location: 2F
2-1: Ball
3-1: Base on Balls
Álex Meléndez to third
Tony Chávez to second
Batting: RHB Murray Jackson 0-0: Ball
1-0: Ball
2-0: Ball
3-0: Base on Balls
Álex Meléndez scores
Tony Chávez to third
Steve Parker to second
Batting: RHB Jack Slater 0-0: Fly out, F9 (Flyball, 89S)
Top of the 9th over - 2 runs, 1 hit, 0 errors, 3 left on base; Jeffersonville-Youngsville Central HS 25 - Bishop Gorman HS 8
BOTTOM OF THE 9TH
Bishop Gorman HS Balbasaurs batting - Pitching for Jeffersonville-Youngsville Central HS Trojans : LHP Gil LaSalle
Now at 3B: Vicente Ortíz
Batting: RHB Alan Stephens 0-0: Hit by Pitch
Batting: RHB William Young 0-0: Fielders Choice at 2nd, 5-4 (Groundball, 56)
Batting: LHB Robert Reeves Jr. 0-0: Ball
1-0: Ball
2-0: SINGLE (Groundball, 34D)
William Young to second
Batting: LHB Michel Gélinas 0-0: Fly out, F7 (Flyball, 7S)
Batting: RHB Lynwood Bryant 0-0: Called Strike
0-1: Ball
1-1: Called Strike
1-2: Strikes out swinging
Bottom of the 9th over - 0 runs, 1 hit, 0 errors, 2 left on base; Jeffersonville-Youngsville Central HS 25 - Bishop Gorman HS 8
Saturday, April 7th, 2018 - OOTP Baseball 18.8 Build 76